 Dungeon Crawl Stone Soup version 0.19-a0-1899-g2d93087 (webtiles) character file.

212 dobroeutro the Bolt Thrower (level 6, -8/57 HPs)
             Began as a Kobold Hunter on Oct 19, 2016.
             Mangled by an ogre
             ... wielding a cursed -2 giant spiked club
              (15 damage)
             ... in the Ecumenical Temple.
             The game lasted 00:05:48 (3210 turns).

dobroeutro the Bolt Thrower (Kobold Hunter)         Turns: 3210, Time: 00:05:50

Health: -8/57      AC: 24    Str: 10    XL:     6   Next: 14%
Magic:  6/6        EV:  3    Int: 12    God:
Gold:   161        SH:  0    Dex: 17    Spells: 0 memorised, 5 levels left

rFire  . . .     SeeInvis .     a - +1 hand crossbow
rCold  . . .     Gourm    .     (armour currently unavailable)
rNeg   + + +     Faith    .     (shield restricted)
rPois  +         Spirit   .     (helmet currently unavailable)
rElec  .         Reflect  .     (cloak currently unavailable)
rCorr  .         Harm     .     (gloves currently unavailable)
MR     .....     NoTele   +     (boots currently unavailable)
Stlth  ++........               (no amulet)
                                (no ring)
                                h - +1 ring of protection

@: tree-form
A: carnivore 3
a: no special abilities


You were in the Ecumenical Temple.
You were completely stuffed.
You were a tree.
You visited 2 branches of the dungeon, and saw 6 of its levels.

You collected 161 gold pieces.

Inventory:

Hand Weapons
 a - a +1 hand crossbow (weapon)
 b - a +0 short sword
Missiles
 d - 15 bolts (quivered)
Armour
 c - a +0 leather armour (melded)
 l - a +0 helmet (melded)
 p - a +0 pair of boots (melded)
 v - a +0 cloak (melded)
Jewellery
 h - a +1 ring of protection (left branch)
Wands
 s - a wand of acid (11/15)
Scrolls
 i - a scroll of identify {unknown}
 j - 2 scrolls of teleportation {unknown}
 m - 2 scrolls of noise {unknown}
 u - a scroll of remove curse {unknown}
Potions
 e - a potion of flight {unknown}
 k - a potion of lignification
 n - 3 potions of curing {unknown}
 o - a potion of magic {unknown}
 q - 2 potions of resistance {unknown}
 r - a potion of degeneration {unknown}
Comestibles
 f - 2 meat rations
 g - a slice of pizza


   Skills:
 + Level 3.7 Fighting
 + Level 3.2 Short Blades
 + Level 5.8 Crossbows
 + Level 4.2 Dodging
 - Level 1.3 Stealth


You had 5 spell levels left.
You didn't know any spells.

Dungeon Overview and Level Annotations

Branches:
Dungeon (5/15)             Temple (1/1) D:4

Altars:


Innate Abilities, Weirdness & Mutations

You are small and have problems with some larger weapons.
You are carnivorous and can eat meat at any time.


Message History

The ogre barely misses you.
Firing (i - inventory):
d - 16 bolts (quivered)
Press: ? - help, Shift-Dir - straight line, f/p - ogre
Aim: an ogre, wielding a giant spiked club (lightly wounded)
You shoot a bolt. The bolt completely misses the ogre.
The ogre hits you with a giant spiked club!!
Ouch! That really hurt!
* * * LOW HITPOINT WARNING * * *
You are too injured to fight recklessly!
You are too injured to fight recklessly!
You are too injured to fight recklessly!
You are too injured to fight recklessly!
You are too injured to fight recklessly!
It was a potion of lignification.
You turn into a tree.
Your +0 cloak melds into your body.
Your +0 helmet melds into your body.
Your +0 pair of boots melds into your body.
Your +0 leather armour melds into your body.
Your roots penetrate the ground.
The ogre hits you with a giant spiked club!
You die...

.......(.......
...............
...............
...............
.....⌠...⌠.....
...............
.......O.......
...⌠...♣...⌠...
...............
...............
.....⌠...⌠.....
...............
...............
...............
...............


You could see an ogre.

Vanquished Creatures
  A centaur zombie (D:5)
  Crazy Yiuf (D:5)
  A hound skeleton (D:5)
  Robin (D:1)
  4 adders
  2 oozes (D:2)
  A worm (D:2)
  3 leopard geckos
  An orc (D:5)
  2 ball pythons (D:1)
  7 bats
  5 giant cockroaches
  11 goblins
  12 hobgoblins
  5 jackals
  A quokka (D:1)
  7 frilled lizards
  4 kobolds
  A leopard gecko zombie (D:5)
  6 rats
76 creatures vanquished.

Notes
Turn   | Place    | Note
-------+----------+-------------------------------------------
     0 | D:1      | dobroeutro the Kobold Hunter began the quest for the Orb.
     0 | D:1      | Reached XP level 1. HP: 12/12 MP: 1/1
    84 | D:1      | Reached skill level 5 in Crossbows
   148 | D:1      | Reached XP level 2. HP: 5/17 MP: 2/2
   279 | D:1      | Reached skill level 1 in Short Blades
   452 | D:1      | Reached XP level 3. HP: 19/22 MP: 3/3
   763 | D:2      | Noticed Robin
   894 | D:1      | HP: 1/22 [goblin/club[Robin] (2)]
  1218 | D:1      | Killed Robin
  1218 | D:1      | Reached XP level 4. HP: 21/27 MP: 4/4
  2622 | D:3      | Reached XP level 5. HP: 28/32 MP: 5/5
  2742 | D:3      | You fall through a shaft for 2 floors!
  2742 | D:5      | Entered Level 5 of the Dungeon
  2886 | D:5      | Found a runed door.
  2891 | D:5      | Noticed Crazy Yiuf
  2894 | D:5      | Killed Crazy Yiuf
  2946 | D:5      | Reached XP level 6. HP: 32/38 MP: 6/6
  3192 | D:4      | Noticed an ogre
  3200 | D:4      | Found a staircase to the Ecumenical Temple.
  3206 | Temple   | Entered the Ecumenical Temple
  3210 | Temple   | Mangled by an ogre

Vault maps used:
D:1:      sevenhm_arrival_forest_fort_large_2, serial_glass, glass_columns_b,
          glass_columns_a
D:2:      minmay_tree_intersection, uniq_robin
D:4:      small_statue_alley_b, supply_closet_lemuel, minmay_misc_feat_ornament
D:5:      first_bread, kennysheep_okawaru_gauntlet, uniq_crazy_yiuf_cottage
Temple:   compressed_dpeg_circular_temple

Skill      XL: |  1  2  3  4  5 |
---------------+----------------+-----
Crossbows      | 5 |  5.8
Short Blades   | 1 2 3 |  3.2
Dodging        | 3 4 |  4.2
Fighting       | 3 |  3.7
Stealth        | |  1.3

Action                   |  1- 3 |  4- 6 || total
-------------------------+-------+-------++-------
Melee: Short sword       |   117 |   191 ||   308
 Fire: Hand crossbow     |       |     5 ||     5
  Use: Potion            |       |     1 ||     1
 Stab: Distracted        |     2 |       ||     2
       Sleeping          |       |     2 ||     2
  Eat: Chunk             |     8 |     8 ||    16
Armor: Leather armour    |    37 |    51 ||    88
Dodge: Dodged            |   108 |   161 ||   269
